AoeStats
← Maty

Lombardia

509985139Analyzed
4v4 RM · 4d ago on Sep 28, 2026· 39m 58s· 8 players
Game mode
Random Map
Map size
Large (8 player)
Population
200
Speed
Normal
Resources
Standard
Victory
Conquest
Starting age
Dark Age
Ending age
Imperial Age
RankedLock teamsTeams togetherTeam positionsShared explorationLock speedFull tech treeHidden civsTurbo modeCheats
Victory
Defeat
🇨🇳 Magyars · China
1440
+15
🇪🇨 Varangians · Ecuador
1414
+16
🇲🇽 Hindustanis · Mexico
1413
+16
🇲🇽 Italians · Mexico
1402
+16
🇦🇷 Poles · Argentina
1447
-18
🇦🇷 Franks · Argentina
1422
-16
🇹🇼 Dravidians · Taiwan
1385
-15
🇯🇵 Danes · Japan
1372
-14
freedom is not free
7:34 Loom
9:29 Feudal Age
10:33 Horse Collar
10:40 Double-Bit Axe
19:59 Castle Age
18:07 Gold Mining
20:17 Scale Barding Armor
20:24 Bloodlines
21:12 Heavy Plow
21:24 Bow Saw
20:44 Light Cavalry
21:25 Husbandry
22:23 Wheelbarrow
24:32 Hand Cart
32:34 Imperial Age
32:46 Gold Shaft Mining
33:11 Cavalier
34:55 Chain Barding Armor
35:41 Two-Man Saw
35:14 Crop Rotation
34:50 Stone Mining
39:23 Plate Barding Armor
38:57 Treadmill Crane
39:28 Masonry
40:21 Corvinian Army
40:42 Conscription
41:05 Coinage
40:36 Caravan
OzoneMX2022
4:45 Loom
10:09 Feudal Age
14:49 Double-Bit Axe
17:15 Castle Age
15:30 Stone Mining
18:50 Bow Saw
19:16 Horse Collar
22:37 Wheelbarrow
24:21 Hand Cart
25:17 Stone Shaft Mining
26:04 Gold Mining
28:49 Gold Shaft Mining
28:16 Heavy Plow
29:54 Scale Barding Armor
30:19 Forging
30:10 Padded Archer Armor
32:43 Imperial Age
30:34 Bloodlines
30:24 Husbandry
30:37 Grand Trunk Road
31:17 Chain Barding Armor
33:01 Iron Casting
33:06 Heavy Camel Rider
34:39 Plate Barding Armor
36:05 Blast Furnace
34:56 Imperial Camel Rider
39:08 Chemistry
GRAN KHAN
1:01 Loom
10:57 Feudal Age
15:57 Castle Age
13:59 Horse Collar
14:08 Double-Bit Axe
14:57 Stone Mining
15:38 Gold Mining
16:05 Horse Collar
25:07 Fletching
25:18 Padded Archer Armor
26:28 Bow Saw
27:50 Wheelbarrow
27:56 Ballistics
29:13 Hand Cart
34:44 Imperial Age
34:40 Leather Archer Armor
34:20 Bodkin Arrow
34:40 Leather Archer Armor
34:20 Bodkin Arrow
34:27 Treadmill Crane
36:33 Chemistry
34:56 Elite Genoese Crossbowman
35:58 Conscription
36:22 Ring Archer Armor
36:42 Stone Shaft Mining
36:20 Thumb Ring
39:34 Bracer
Maty
6:36 Loom
8:49 Feudal Age
9:39 Double-Bit Axe
10:23 Horse Collar
20:21 Castle Age
18:36 Gold Mining
19:48 Bloodlines
20:13 Forging
20:41 Scale Barding Armor
20:29 Light Cavalry
21:09 Husbandry
22:54 Wheelbarrow
26:14 Iron Casting
30:02 Hand Cart
35:38 Imperial Age
33:02 Stone Mining
33:23 Bow Saw
33:15 Heavy Plow
34:43 Chain Barding Armor
35:57 Town Watch
35:54 Cavalier
37:11 Plate Barding Armor
38:20 Blast Furnace
37:55 Treadmill Crane
38:37 Ballistics
39:17 Chemistry
38:28 Masonry
38:15 Fletching
39:05 Caravan
39:35 Coinage
39:17 Guilds
39:09 Bodkin Arrow
38:43 Vendel Legacy
ValkriaN
11:06 Feudal Age
12:31 Double-Bit Axe
12:30 Horse Collar
19:16 Castle Age
18:12 Bloodlines
18:08 Scale Barding Armor
18:55 Forging
19:34 Light Cavalry
20:38 Chain Barding Armor
21:20 Wheelbarrow
21:39 Husbandry
21:27 Loom
29:22 Fletching
31:25 Bow Saw
31:48 Heavy Plow
35:30 Imperial Age
33:41 Szlachta Privileges
33:46 Padded Archer Armor
34:23 Iron Casting
35:24 Hand Cart
36:05 Cavalier
37:55 Blast Furnace
37:17 Conscription
fumisaiji
8:04 Loom
12:17 Feudal Age
16:46 Castle Age
15:17 Double-Bit Axe
15:42 Horse Collar
18:43 Bow Saw
19:12 Wheelbarrow
25:03 Heavy Plow
26:36 Fletching
26:46 Padded Archer Armor
27:14 Bodkin Arrow
28:05 Ballistics
28:03 Elite Skirmisher
32:50 Town Watch
37:35 Leather Archer Armor
36:59 Pikeman
37:39 Squires
37:24 Arson
37:50 Forging
37:41 Scale Mail Armor
38:46 Hand Cart
my60703
9:42 Loom
11:33 Feudal Age
18:18 Wheelbarrow
20:32 Castle Age
18:32 Double-Bit Axe
19:04 Horse Collar
19:47 Stone Mining
21:51 Heavy Plow
26:44 Gold Mining
30:00 Fortified Wall
32:17 Bow Saw
35:37 Imperial Age
33:14 Fletching
35:01 Bodkin Arrow
35:06 Padded Archer Armor
35:39 Town Watch
36:45 Conscription
35:49 Elite Elephant Archer
36:40 Thumb Ring
40:40 Chemistry
PIPA
10:42 Feudal Age
11:01 Loom
11:53 Double-Bit Axe
14:34 Castle Age
16:41 Wheelbarrow
16:25 Bow Saw
24:25 Gold Mining
25:00 Scale Barding Armor
25:05 Forging
26:01 Husbandry
27:35 Chain Barding Armor
27:50 Iron Casting
31:15 Imperial Age
29:14 Hand Cart
29:09 Town Watch
31:19 Cavalier
32:38 Plate Barding Armor
32:25 Conscription
32:08 Stone Mining
32:40 Ballistics
33:21 Chemistry
32:18 Murder Holes
33:26 Chemistry
32:48 Ballistics
33:51 Blast Furnace
33:34 Paladin
35:24 Chivalry
37:59 Pikeman
38:40 Squires
38:25 Arson
38:27 Gambesons
38:24 Elite Throwing Axeman
Connection lost

Rejoining the realm…

Still unreachable

The connection could not be restored.

Session expired

The server has moved on; the page needs a fresh start.